 Dungeon Crawl Stone Soup version 0.31-a0-875-g02e7d12df6 (webtiles) character file.

Game seed: 5174433970141896558

5529 croobank the Covert (level 10, -2/103 HPs)
             Began as an Octopode Delver on Oct 12, 2023.
             Was an Initiate of Gozag.
             Slain by a killer bee (9 damage)
             ... on level 7 of the Dungeon.
             The game lasted 00:33:48 (9779 turns).

croobank the Covert (Octopode Delver)               Turns: 9779, Time: 00:33:48

Health: -2/103     AC:  1    Str: 11    XL:     10   Next: 70%
Magic:  19/19      EV: 15    Int: 16    God:    Gozag
Gold:   1614       SH:  0    Dex: 15    Spells: 14/21 levels left

rFire   . . .        j - +5 dagger (speed)
rCold   . . .        (no shield)
rNeg    . . .        (helmet currently unavailable)
rPois   .            (no amulet)
rElec   .            (no ring)
rCorr   .            (no ring)
SInv    .            (no ring)
Will    .....        (no ring) Stlth
                     (no ring)
HPRegen 0.37/turn    (no ring)
MPRegen 0.16/turn    (no ring)
                     (no ring)

%: no passive effects
@: berserking, beast-form, gold aura, very quick
A: beast (slay +2), almost no armour, amphibious, 8 rings, camouflage 1,
gelatinous body 1, (nimble swimmer 1), tentacles
a: Begin Untransformation, Renounce Religion, Potion Petition, Call Merchant,
Bribe Branch


You were on level 7 of the Dungeon.
You worshipped Gozag.
Gozag was most pleased with you.
You were a hulking beast.
You visited 1 branch of the dungeon, and saw 8 of its levels.

You collected 1950 gold pieces.
You spent 220 gold pieces at shops.
You paid 116 gold pieces to Gozag.

Inventory:

Hand Weapons
 a - a +2 dagger of protection
 b - a +0 morningstar
 g - a +4 falchion
 j - a +5 dagger of speed (weapon)
 o - a +4 war axe
 r - a +2 short sword of venom
 A - a +3 whip of pain
 B - a +4 quarterstaff of chaos
 C - a +1 flail of distortion
 E - a +3 flail of freezing
 F - a +2 falchion of holy wrath
 J - a +2 heavy long sword
Missiles
 k - 11 boomerangs
 q - 5 darts of dispersal
 v - 29 poisoned darts (quivered)
 H - 5 javelins
Armour
 G - a +2 hat
Talismans
 p - a beast talisman (active)
 y - a blade talisman
Wands
 e - a wand of mindburst (16)
 f - a wand of digging (6)
 i - a wand of paralysis (15)
Scrolls
 c - a scroll of revelation
 d - 2 scrolls of amnesia
 x - a scroll of teleportation
 I - a scroll of identify
Potions
 h - 2 potions of ambrosia
 m - 4 potions of haste
 n - 3 potions of mutation
 s - 2 potions of might
 u - a potion of brilliance
 w - 4 potions of enlightenment
 z - a potion of invisibility
 D - a potion of magic


   Skills:
 + Level 6.5 Fighting
 + Level 5.9 Short Blades
 + Level 5.8 Dodging
 + Level 10.3 Stealth
 * Level 6.2 Spellcasting
 * Level 6.7 Summonings
 + Level 4.3 Shapeshifting


You had 14 spell levels left.
You knew the following spells:

 Your Spells              Type           Power      Damage    Failure   Level
a - Summon Small Mammal   Summ           100%       N/A       1%          1
c - Call Canine Familiar  Summ           26%        N/A       2%          3
d - Summon Guardian Gole  Hex/Summ       15%        N/A       11%         3

Your spell library contained the following spells:

 Spells                   Type           Power      Damage    Failure   Level
 Sigil of Binding         Hex            4%         N/A       38%         3
 Dimensional Bullseye     Hex/Tloc       2%         N/A       80%         4
 Leda's Liquefaction      Hex/Erth       2%         N/A       80%         4
 Passage of Golubria      Tloc           4%         N/A       80%         4
 Silence                  Hex/Air        2%         N/A       98%         5
 Lehudib's Crystal Spear  Conj/Erth      2%         10d2      100%        8


Dungeon Overview and Level Annotations

Branches:
Dungeon (8/15)             Temple (0/1) D:5
   Lair: D:8-11

Altars:
Cheibriados
Gozag
Kikubaaqudgha
Ru
Wu Jian
Xom

Shops:
D:5 (!


Innate Abilities, Weirdness & Mutations

You are a hulking beast.
Your limbs bulge with bestial killing power. (Slay +2)
You cannot wear most types of armour.
You are amphibious.
You can wear up to eight rings at the same time.
Your skin changes colour to match your surroundings (Stealth+).
Your rubbery body absorbs attacks. (AC +1, EV +1)
((You are camouflaged when in or above water. (Stealth+)))
You have tentacles for arms and can constrict up to eight enemies at once.


Message History

The killer bee buzzes angrily.
The killer bee stings you! The killer bee closely misses you.
The killer bee stings you!
You are poisoned.
The killer bee poisons you!
You feel very sick.
The killer bee is distracted by your dazzling golden aura. x2
You feel sick.
The killer bee is no longer distracted by gold.
The killer bee is distracted by your dazzling golden aura.
The killer bee closely misses you.
You feel sick. The killer bee closely misses you.
You feel sick.
The killer bee attacks as it pursues you!
The killer bee misses you. The killer bee stings you.
You are more poisoned.
The killer bee poisons you!
You feel sick. The killer bee stings you! The killer bee completely misses you.
You feel sick. The killer bee barely misses you.
The killer bee closely misses you. The killer bee stings you!
The killer bee closely misses you.
There is an escape hatch in the ceiling here.
You feel sick.
The killer bee is no longer distracted by gold.
The killer bee barely misses you. x2; The killer bee stings you.
* * * LOW HITPOINT WARNING * * *
The killer bee stings you.
* * * LOW HITPOINT WARNING * * *
A mysterious force pulls you upwards. The hatch slams shut behind you.
You feel sick.
You feel better. The killer bee stings you!
* * * LOW HITPOINT WARNING * * *
The killer bee completely misses you. The killer bee barely misses you.
The killer bee misses you.
A red film seems to cover your vision as you go berserk!
You feel yourself moving faster!
You feel mighty! The killer bee stings you!
* * * LOW HITPOINT WARNING * * *
The killer bee stings you!
You die...
Your body crumbles into a pile of gold.

# #.#.###.##### #.# #.#
#####...........# #.# #.#
....>.#.###.###.####.# #.#
#####.#.# #..##......#
####.# #.#.# ##.##..#####
#....# #.#.####.##..# #.####
#......#.##..# #.# ##
#.#.##.#.##y.# #.# .#
#.#.##.#...yh# #.#
.####.#.##.###...# #.#
........##)###...# #.#
.)........[)##...# #.#
.####.....)).....# #.# .#
###.#..###[### #.#
.#####.....###.)##########.#
...............#)).........#
.....#....####..############


You could see 2 killer bees.

Vanquished Creatures
  5 humans (D:7)
  Eustachio (D:6)
  A steam dragon (D:8)
  Edmund (D:6)
  A water moccasin (D:7)
  An orc warrior (D:8)
  3 sky beasts
  2 ice beasts
  A black bear (D:4)
  4 ogres
  A centaur (D:5)
  5 phantoms
  5 kobold brigands
  3 scorpions
  2 bullfrogs (D:6)
  2 necrophages (D:5)
  11 wights
  2 howler monkeys
  A bullfrog zombie (D:5)
  7 jellies
  4 hounds
  A human zombie (D:5)
  3 orc priests
  Crazy Yiuf (D:5)
  7 iguanas
  Ijyb (D:3)
  Terence (D:3)
  3 sleepcaps (D:6)
  A scorpion zombie (D:5)
  4 orc wizards
  A hound zombie (D:5)
  3 mummies (D:5)
  Robin (D:3)
  12 gnolls (D:3)
  15 adders
  3 shadow imps
  2 white imps (D:6)
  2 ufetubi
  4 worms
  3 dart slugs
  30 orcs
  5 ball pythons
  5 bats
  8 endoplasms
  5 giant cockroaches
  14 goblins
  10 hobgoblins
  2 jackals (D:3)
  61 kobolds
  5 quokkas
  4 frilled lizards
  5 rats
285 creatures vanquished.

Notes
Turn   | Place    | Note
-------+----------+-------------------------------------------
     0 | D:5      | croobank the Octopode Delver began the quest for the Orb.
     0 | D:5      | Reached XP level 1. HP: 16/16 MP: 1/1
     7 | D:6      | Noticed a jelly
     9 | D:6      | Noticed a kobold brigand
    35 | D:5      | Noticed an iguana
    43 | D:5      | Killed an iguana
    44 | D:5      | Reached XP level 2. HP: 21/21 MP: 2/2
    44 | D:5      | Reached XP level 3. HP: 26/26 MP: 3/3
   123 | D:4      | Noticed a black bear
   134 | D:4      | Reached skill level 7 in Stealth
   196 | D:4      | Noticed a phantom
   201 | D:4      | Reached XP level 4. HP: 21/31 MP: 4/4
   336 | D:3      | Found a sacrificial altar of Ru.
   337 | D:3      | Noticed Ijyb
   344 | D:3      | Killed Ijyb
   727 | D:1      | Reached XP level 5. HP: 37/37 MP: 5/5
  1623 | D:2      | Learned a level 1 spell: Summon Small Mammal
  2033 | D:3      | Found an opulent altar of Gozag.
  2041 | D:3      | Found an opulent altar of Gozag.
  2042 | D:3      | Found an opulent altar of Gozag.
  2047 | D:3      | Found an opulent altar of Gozag.
  2114 | D:3      | Became a worshipper of Gozag Ym Sagoz the Greedy
  2316 | D:3      | Reached XP level 6. HP: 43/43 MP: 6/6
  2331 | D:3      | Noticed Terence
  2337 | D:3      | Killed Terence
  2338 | D:3      | Reached skill level 1 in Shapeshifting
  2441 | D:3      | Reached skill level 1 in Summonings
  2445 | D:3      | Reached skill level 1 in Spellcasting
  2641 | D:3      | Learned a level 3 spell: Call Canine Familiar
  2772 | D:3      | Noticed Robin
  2784 | D:3      | Killed Robin
  3185 | D:3      | Reached XP level 7. HP: 47/48 MP: 9/9
  3380 | D:3      | Reached skill level 8 in Stealth
  4155 | D:4      | Reached XP level 8. HP: 45/54 MP: 10/12
  4740 | D:5      | Found an ancient bone altar of Kikubaaqudgha.
  4764 | D:5      | Reached skill level 5 in Fighting
  4862 | D:5      | Found a staircase to the Ecumenical Temple.
  5108 | D:5      | Upgraded the game from 0.31-a0-868-g674d60d6f7 to
                  | 0.31-a0-875-g02e7d12df6
  5201 | D:5      | Reached XP level 9. HP: 61/61 MP: 14/14
  5229 | D:5      | Reached skill level 9 in Stealth
  5255 | D:5      | Learned a level 3 spell: Summon Guardian Golem
  5326 | D:5      | Found Jawneemi's Weapon Emporium.
  5348 | D:5      | Found Resa's Distillery.
  5356 | D:5      | Bought a potion of might for 40 gold pieces
  5356 | D:5      | Bought a potion of invisibility for 80 gold pieces
  5356 | D:5      | Bought a potion of berserk rage for 50 gold pieces
  5356 | D:5      | Bought a potion of enlightenment for 50 gold pieces
  5867 | D:5      | Found a runed translucent door.
  5868 | D:5      | Noticed Crazy Yiuf
  5875 | D:5      | Killed Crazy Yiuf
  5961 | D:6      | Noticed Eustachio
  5966 | D:6      | Killed Eustachio
  6099 | D:6      | Noticed Edmund
  6102 | D:6      | Found a snail-covered altar of Cheibriados.
  6108 | D:6      | Killed Edmund
  6109 | D:6      | Reached skill level 5 in Summonings
  6156 | D:6      | Reached skill level 5 in Short Blades
  6172 | D:6      | Found a shimmering altar of Xom.
  6373 | D:6      | Reached skill level 5 in Dodging
  6604 | D:6      | Reached skill level 5 in Spellcasting
  7184 | D:6      | Reached XP level 10. HP: 37/68 MP: 17/17
  7968 | D:8      | Reached skill level 10 in Stealth
  8837 | D:7      | Found an ornate altar of the Wu Jian Council.
  9779 | D:7      | Slain by a killer bee

Illustrated notes

Levels and vault maps discovered:
D:1:      eino_arrival_cavern_e, layout_loops_ring
D:2:      layout_loops_ring, serial_aquarium, aquarium_bridge_square
          [aquarium_subvault_bridge, aquarium_subvault_bridge,
          aquarium_subvault_balcony, aquarium_subvault_window],
          aquarium_bridge_straight [aquarium_subvault_bridge,
          aquarium_subvault_wall, aquarium_subvault_bridge,
          aquarium_subvault_balcony], aquarium_window_2, aquarium_window_1,
          aquarium_window_2, aquarium_window_1, aquarium_view_2c,
          aquarium_pool_side, minmay_tree_intersection
D:3:      minmay_goblin_kobold_castle, layout_basic,
          mainiacjoe_overflow_boulevard, nicolae_gozag_conspicuous_consumption,
          minmay_cut_off, uniq_robin, uniq_ijyb, uniq_terence
D:4:      layout_rooms
D:5:      layout_loops_ring, lemuel_mausoleum_altar_kikubaaqudgha,
          minmay_temple_entry_overgrown, serial_shops, shop, shop,
          nicolae_half_adder, uniq_crazy_yiuf_cottage
D:6:      minmay_razor_zed, layout_cave_pools, nicolae_overflow_crystal_walls,
          mainiacjoe_overflow_cross_hatched, hellmonk_no_cap, uniq_eustachio,
          uniq_edmund
D:7:      layout_loops_ring, nzn_wu_jian_council_hall, minmay_ruffians
D:8:      layout_basic

Skill      XL: |  1  2  3  4  5  6  7  8  9 10 |
---------------+-------------------------------+-----
Stealth        | 7 8 9 10 | 10.3
Dodging        | 3 4 5 |  5.8
Short Blades   | 3 4 5 |  5.9
Fighting       | 4 5 6 |  6.5
Shapeshifting  | 1 2 3 4 |  4.3
Summonings     | 1 2 4 5 6 |  6.7
Spellcasting   | 1 2 3 5 6 |  6.2

Action                     |  1- 3 |  4- 6 |  7- 9 | 10-12 || total
---------------------------+-------+-------+-------+-------++-------
  Melee: Short sword       |    11 |     6 |       |       ||    17
         Tentacles         |     3 |    26 |    63 |    45 ||   137
         Constrict         |     2 |    43 |    45 |    34 ||   124
         Dagger            |       |   178 |   292 |   147 ||   617
         Punch             |       |     4 |     4 |     2 ||    10
  Throw: Dart              |       |       |    21 |     3 ||    24
   Cast: Summon Small Mamm |       |     1 |       |       ||     1
  Evoke: Wand              |     2 |     4 |     4 |       ||    10
    Use: Scroll            |     1 |     5 |     5 |     3 ||    14
         Potion            |     1 |     1 |     2 |     5 ||     9
   Stab: Sleeping          |     1 |    29 |    24 |    14 ||    68
         Paralysed         |     2 |     2 |     2 |       ||     6
         Distracted        |       |     1 |     3 |     1 ||     5
 Armour: Skin              |     7 |    60 |    81 |    53 ||   201
  Dodge: Dodged            |     4 |    64 |   112 |    73 ||   253
   Form: Beast             |       |     1 |       |       ||     1

Table legend: (Time is in decaauts)
 A = Elapsed time spent in this place.
 B = Non-inter-level travel time spent in this place.
 C = Inter-level travel time spent in this place.
 D = Time resting spent in this place.
 E = Time spent auto-exploring this place.
 F = Levels seen in this place.
 G = Mean time per level.
                   A        B        C        D        E       F      G
               +--------+--------+--------+--------+--------+-----+--------+
         Total |   9473 |   9136 |    337 |   2906 |   3680 |   8 | 1184.1 |
       Dungeon |   9473 |   9136 |    337 |   2906 |   3680 |   8 | 1184.1 |
               +--------+--------+--------+--------+--------+-----+--------+

Top non-repeatable levels by time:
     D:3: 2166 daAuts
     D:6: 1835 daAuts
     D:5: 1460 daAuts
     D:7: 1152 daAuts
     D:2: 759 daAuts
     D:1: 735 daAuts
     D:8: 711 daAuts
     D:4: 652 daAuts
